Bruins vs Red Wings
Created - April 27, 2020 at 19:02
Goals
|
Bruins |
1 |
0 |
0 |
1 |
Red Wings |
0 |
0 |
2 |
2 |
|
Shots
|
Bruins |
14 |
12 |
10 |
36 |
Red Wings |
10 |
9 |
4 |
23 |
|
1st period
1. Bruins , Zack Kassian 29 (Wojtek Wolski 58, Samuel Morin 3) at 7:57
Penalties :
No Penalty
2nd period
No Goal
Penalties :
Riley Armstrong (Det) for Goalie Interference (Minor) at 4:28, Connor Brown (Det) for Hooking (Minor) at 17:18
3rd period
2. Red Wings , Nick Bjugstad 19 (Jordin Tootoo 24, Tye McGinn 8) at 1:59
3. Red Wings , Jordin Tootoo 18 (Tye McGinn 9, Nick Bjugstad 37) at 17:18
Penalties :
Jason Demers (Bos) for Holding (Minor) at 5:26, Shane O'Brien (Bos) for Holding (Minor) at 10:53
Goalie Stats
Kevin Poulin (Bos), 21 saves from 23 shots - (0.913), L, 31-24-4, 59:38 minutes
Josh Harding (Det), 35 saves from 36 shots - (0.972), W, 8-2-2, 60:00 minutes
Players Stats for Bruins
Player Name G A P +/- PIM S H SB GA TA FO MP PP MP PK MP
------------------------------------------------------------------------------------
Adam Pelech 0 0 0 1 0 1 1 0 0 1 0/0 17:30 0:00 2:29
Casey Cizikas 0 0 0 0 0 3 2 1 1 0 1/3 11:18 0:00 0:00
Dave Bolland 0 0 0 -1 0 2 3 0 0 0 4/5 11:41 0:00 0:00
Jason Demers 0 0 0 -2 2 2 3 2 0 0 0/0 23:55 2:59 1:14
Johnny Boychuk 0 0 0 0 0 1 2 2 0 0 0/0 19:51 0:59 1:29
Jonathan Toews 0 0 0 1 0 0 2 0 3 0 8/16 21:16 2:41 2:32
Kevin Bieksa 0 0 0 0 0 0 1 3 0 1 0/0 19:51 0:59 1:29
Kris Chucko 0 0 0 0 0 1 1 0 0 1 0/0 11:54 0:00 0:36
Mattias Tedenby 0 0 0 0 0 3 0 1 0 0 0/1 11:18 0:00 0:00
Mike Ribeiro 0 0 0 -1 0 3 0 0 0 1 3/11 14:09 1:17 0:00
Rene Bourque 0 0 0 -1 0 1 0 0 0 0 1/1 12:17 0:00 0:36
Samuel Morin 0 1 1 1 0 1 1 0 0 0 0/0 14:37 0:00 0:00
Scott Hartnell 0 0 0 -1 0 4 3 0 1 1 0/0 15:09 1:17 0:50
Shane O'Brien 0 0 0 -2 2 0 4 0 1 1 0/0 24:27 2:59 1:15
T.J Galiardi 0 0 0 -1 0 1 0 0 1 0 0/0 11:41 0:00 0:00
Victor Oreskovich 0 0 0 -1 0 3 1 0 0 1 1/2 14:09 1:17 0:00
Wojtek Wolski 0 1 1 1 0 4 2 0 1 1 4/7 21:16 2:41 2:32
Zack Kassian 1 0 1 1 0 6 1 0 1 0 0/1 19:41 2:41 0:50
Players Stats for Red Wings
Player Name G A P +/- PIM S H SB GA TA FO MP PP MP PK MP
------------------------------------------------------------------------------------
Alex Picard 0 0 0 0 0 4 0 0 1 0 0/1 18:25 2:14 0:44
Andrew Alberts 0 0 0 2 0 0 0 1 1 1 0/0 18:22 0:00 2:06
Carson Mcmillan 0 0 0 0 0 1 1 0 0 0 0/0 12:24 0:00 1:49
Chris Kelly 0 0 0 0 0 0 2 1 0 1 1/5 14:28 0:00 2:04
Connor Brown 0 0 0 0 2 3 1 0 0 0 0/1 18:03 2:14 0:00
David Krejci 0 0 0 0 0 1 0 1 1 3 2/2 11:59 0:00 0:00
Jiri Fischer 0 0 0 0 0 0 1 2 1 0 0/0 18:48 1:54 1:52
Jordin Tootoo 1 1 2 1 0 2 2 1 0 0 0/1 15:47 1:44 0:00
Karl Alzner 0 0 0 0 0 0 3 3 1 0 0/0 15:54 2:04 0:00
Michael Haley 0 0 0 0 0 0 0 0 0 0 0/2 11:20 0:00 1:10
Mike Richards 0 0 0 0 0 3 2 0 2 0 14/23 18:31 2:14 0:52
Nick Bjugstad 1 1 2 1 0 2 1 2 0 0 7/10 16:24 1:44 0:35
Petr Pohl 0 0 0 0 0 1 1 0 1 0 0/0 11:59 0:00 0:00
Petter Granberg 0 0 0 2 0 3 1 0 0 1 0/0 20:28 1:54 2:06
Philip Samuelsson 0 0 0 -1 0 1 1 1 0 1 0/0 22:50 2:04 0:00
Riley Armstrong 0 0 0 0 2 0 1 0 0 0 1/1 10:53 0:00 0:42
Ryan O'Byrne 0 0 0 -1 0 0 2 1 0 2 0/0 23:38 0:00 1:52
Tye McGinn 0 2 2 1 0 2 1 0 0 0 0/1 15:47 1:44 0:00
3 Stars
1 - Josh Harding (Det)
2 - Jordin Tootoo (Det)
3 - Nick Bjugstad (Det)
Power Play
Bruins - 0 on 2 Attempt(s) - 0.00%
Red Wings - 0 on 2 Attempt(s) - 0.00%
Penalty Kill
Bruins - 2 on 2 Attempt(s) - 100.00%
- Score 0 goal in Penalty Kill
Red Wings - 2 on 2 Attempt(s) - 100.00%
- Score 0 goal in Penalty Kill
Team Stat
Bruins - Hits : 27 - Faceoff Wins : 22 - Blocked Shots : 9 - Penalty Minutes : 4
Red Wings - Hits : 20 - Faceoff Wins : 25 - Blocked Shots : 13 - Penalty Minutes : 4
Official
Referees : Unknown
Linesman : Unknown
Game Notes
No Game Note
Finance
Level 1 -- Attendance: 4642 (77.37%) -- Ticket Income $496,694
Level 2 -- Attendance: 3859 (77.18%) -- Ticket Income $273,989
Level 3 -- Attendance: 1529 (76.45%) -- Ticket Income $73,392
Level 4 -- Attendance: 3142 (78.55%) -- Ticket Income $103,686
Luxury Box -- Attendance: 760 (76.00%) -- Ticket Income $144,400
Game was played at the Joe Louis Arena.
Total Attendance: 13932 (77.40%)
Total Ticket Income: $1,092,161
Other Income: $163,824
Total Income: $1,255,985
Bruins
5 vs 5 Forward
Center Left Wing Right Wing Time % Phy DF OF
1 Jonathan Toews Wojtek Wolski Zack Kassian 40 1 2 2
2 Mike Ribeiro Scott Hartnell Victor Oreskovich 30 1 2 2
3 Dave Bolland T.J Galiardi Rene Bourque 20 1 2 2
4 Casey Cizikas Kris Chucko Mattias Tedenby 10 1 2 2
5 vs 5 Defense
Defense Defense Time % Phy DF OF
1 Jason Demers Shane O'Brien 40 1 2 2
2 Johnny Boychuk Kevin Bieksa 30 1 2 2
3 Samuel Morin Adam Pelech 20 1 2 2
4 Jason Demers Shane O'Brien 10 1 2 2
PowerPlay Forward
Center Left Wing Right Wing Time % Phy DF OF
1 Jonathan Toews Wojtek Wolski Zack Kassian 60 1 2 2
2 Mike Ribeiro Scott Hartnell Victor Oreskovich 40 1 2 2
PowerPlay Defense
Defense Defense Time % Phy DF OF
1 Jason Demers Shane O'Brien 60 1 2 2
2 Johnny Boychuk Kevin Bieksa 40 1 2 2
Penalty Kill 4 Players Forward
Center Wing Time % Phy DF OF
1 Wojtek Wolski Jonathan Toews 60 1 2 2
2 Zack Kassian Scott Hartnell 40 1 2 2
Penalty Kill 4 Players Defense
Defense Defense Time % Phy DF OF
1 Jason Demers Shane O'Brien 60 1 2 2
2 Johnny Boychuk Kevin Bieksa 40 1 2 2
Penalty Kill - 3 Players Forward
Forward Time % Phy DF OF
1 Wojtek Wolski 60 1 2 2
2 Jonathan Toews 40 1 2 2
Penalty Kill - 3 Players Defense
Defense Defense Time % Phy DF OF
1 Jason Demers Shane O'Brien 60 1 2 2
2 Johnny Boychuk Kevin Bieksa 40 1 2 2
4 vs 4 Forward
Center Wing Time % Phy DF OF
1 Wojtek Wolski Jonathan Toews 60 1 2 2
2 Zack Kassian Scott Hartnell 40 1 2 2
4 vs 4 Defense
Defense Defense Time % Phy DF OF
1 Jason Demers Shane O'Brien 60 1 2 2
2 Johnny Boychuk Kevin Bieksa 40 1 2 2
Last Minutes Offensive
Center Left Wing Right Wing Defense Defense
Jonathan Toews Wojtek Wolski Zack Kassian Jason Demers Shane O'Brien
Last Minutes Defensive
Center Left Wing Right Wing Defense Defense
Jonathan Toews Wojtek Wolski Zack Kassian Jason Demers Shane O'Brien
Goaltenders
Starting : Kevin Poulin
Backup : Josh Tordjman
Extra Forwards
Normal : Dave Bolland, T.J Galiardi, Rene Bourque - PP : Dave Bolland, T.J Galiardi - PK : Rene Bourque
Extra Defensemen
Normal : Samuel Morin, Adam Pelech, Johnny Boychuk - PP : Samuel Morin - PK : Adam Pelech, Johnny Boychuk
Penalty Shots
Wojtek Wolski, Jonathan Toews, Zack Kassian, Scott Hartnell, Victor Oreskovich
Scratches
Brendan Smith (Left Eye Injury)
Red Wings
5 vs 5 Forward
Center Left Wing Right Wing Time % Phy DF OF
1 Mike Richards Alex Picard Connor Brown 40 0 2 3
2 Nick Bjugstad Tye McGinn Jordin Tootoo 30 0 2 3
3 David Krejci Chris Kelly Petr Pohl 20 2 2 1
4 Riley Armstrong Michael Haley Carson Mcmillan 10 0 2 3
5 vs 5 Defense
Defense Defense Time % Phy DF OF
1 Philip Samuelsson Ryan O'Byrne 40 0 2 3
2 Karl Alzner Jiri Fischer 30 0 2 3
3 Petter Granberg Andrew Alberts 20 1 2 2
4 Petter Granberg Andrew Alberts 10 1 2 2
PowerPlay Forward
Center Left Wing Right Wing Time % Phy DF OF
1 Mike Richards Alex Picard Connor Brown 60 0 1 4
2 Nick Bjugstad Tye McGinn Jordin Tootoo 40 0 1 4
PowerPlay Defense
Defense Defense Time % Phy DF OF
1 Philip Samuelsson Karl Alzner 60 0 2 3
2 Petter Granberg Jiri Fischer 40 0 2 3
Penalty Kill 4 Players Forward
Center Wing Time % Phy DF OF
1 Chris Kelly Carson Mcmillan 60 1 2 2
2 Riley Armstrong Michael Haley 40 1 2 2
Penalty Kill 4 Players Defense
Defense Defense Time % Phy DF OF
1 Andrew Alberts Petter Granberg 60 1 2 2
2 Jiri Fischer Ryan O'Byrne 40 1 2 2
Penalty Kill - 3 Players Forward
Forward Time % Phy DF OF
1 Carson Mcmillan 60 1 2 2
2 Michael Haley 40 1 2 2
Penalty Kill - 3 Players Defense
Defense Defense Time % Phy DF OF
1 Andrew Alberts Ryan O'Byrne 60 1 2 2
2 Jiri Fischer Petter Granberg 40 1 2 2
4 vs 4 Forward
Center Wing Time % Phy DF OF
1 Mike Richards Connor Brown 60 1 2 2
2 Nick Bjugstad Alex Picard 40 1 2 2
4 vs 4 Defense
Defense Defense Time % Phy DF OF
1 Philip Samuelsson Ryan O'Byrne 60 1 2 2
2 Petter Granberg Jiri Fischer 40 1 2 2
Last Minutes Offensive
Center Left Wing Right Wing Defense Defense
Mike Richards Alex Picard Connor Brown Philip Samuelsson Karl Alzner
Last Minutes Defensive
Center Left Wing Right Wing Defense Defense
Riley Armstrong Michael Haley Carson Mcmillan Andrew Alberts Ryan O'Byrne
Goaltenders
Starting : Josh Harding
Backup : James Reimer
Extra Forwards
Normal : Connor Brown, Nick Bjugstad, Jordin Tootoo - PP : David Krejci, Petr Pohl - PK : Mike Richards
Extra Defensemen
Normal : Philip Samuelsson, Karl Alzner, Andrew Alberts - PP : Andrew Alberts - PK : Philip Samuelsson, Karl Alzner
Penalty Shots
Mike Richards, Carson Mcmillan, Nick Bjugstad, Alex Picard, Jordin Tootoo
Scratches
Anton Volchenkov (Herniated Disc Injury), Dany Heatley (Healthy), Jakub Kindl (Groin Injury)
% Time on Ice - Bruins
Lines # - Real PCT - Wanted PCT - Time Play
Normal Forward
1 - 29% - 40% - 14:57
2 - 26% - 30% - 13:02
3 - 23% - 20% - 11:41
4 - 22% - 10% - 11:18
Normal Defense
1 - 33% - 40% - 16:59
2 - 34% - 30% - 17:23
3 - 27% - 20% - 13:52
4 - 5% - 10% - 2:44
PP Forward
1 - 68% - 60% - 2:41
2 - 32% - 40% - 1:17
PP Defense
1 - 75% - 60% - 2:59
2 - 25% - 40% - 0:59
PK Forward
1 - 79% - 60% - 3:08
2 - 21% - 40% - 0:50
PK Defense
1 - 63% - 60% - 2:29
2 - 37% - 40% - 1:29
PK3 Forward
1 - 0% - 60%
2 - 0% - 40%
PK3 Defense
1 - 0% - 60%
2 - 0% - 40%
44 Forward
1 - 0% - 60%
2 - 0% - 40%
44 Defense
1 - 0% - 60%
2 - 0% - 40%
Last Minute Offensive - 1:06
Last Minute Defensive - 0:00
Total
Forward - 60:00
Defense - 60:00
|
% Time on Ice - Red Wings
Lines # - Real PCT - Wanted PCT - Time Play
Normal Forward
1 - 31% - 40% - 15:52
2 - 28% - 30% - 14:03
3 - 24% - 20% - 11:59
4 - 18% - 10% - 9:03
Normal Defense
1 - 41% - 40% - 20:54
2 - 30% - 30% - 15:15
3 - 20% - 20% - 10:26
4 - 9% - 10% - 4:22
PP Forward
1 - 56% - 60% - 2:14
2 - 44% - 40% - 1:44
PP Defense
1 - 52% - 60% - 2:04
2 - 48% - 40% - 1:54
PK Forward
1 - 71% - 60% - 2:48
2 - 29% - 40% - 1:10
PK Defense
1 - 53% - 60% - 2:06
2 - 47% - 40% - 1:52
PK3 Forward
1 - 0% - 60%
2 - 0% - 40%
PK3 Defense
1 - 0% - 60%
2 - 0% - 40%
44 Forward
1 - 0% - 60%
2 - 0% - 40%
44 Defense
1 - 0% - 60%
2 - 0% - 40%
Last Minute Offensive - 0:00
Last Minute Defensive - 1:07
Total
Forward - 60:00
Defense - 60:00
|
Play-by-Play
1st period
0:01 of 1st period - Mike Richards wins face-off versus Jonathan Toews in neutral zone.
0:03 of 1st period - Philip Samuelsson is hit by Wojtek Wolski and loses puck.
0:29 of 1st period - Off-side.
0:30 of 1st period - Victor Oreskovich wins face-off versus Jordin Tootoo in neutral zone.
0:37 of 1st period - Snap shot by Victor Oreskovich.
0:37 of 1st period - Stopped by Josh Harding without a rebound.
0:38 of 1st period - Rene Bourque wins face-off versus Chris Kelly in Red Wings zone.
2:08 of 1st period - Jason Demers is hit by Petr Pohl and loses puck.
2:29 of 1st period - Carson Mcmillan is hit by Shane O'Brien and loses puck.
3:14 of 1st period - Snap shot by Mike Richards.
3:14 of 1st period - Deflect By Connor Brown.
3:14 of 1st period - Stopped by Kevin Poulin with a rebound.
4:17 of 1st period - Backhand shot by Kris Chucko.
4:17 of 1st period - Stopped by Josh Harding with a rebound.
4:31 of 1st period - Philip Samuelsson is hit by Scott Hartnell and loses puck.
4:36 of 1st period - Slapshot by Victor Oreskovich.
4:36 of 1st period - Shot Misses the Net.
4:40 of 1st period - Wrist shot by Scott Hartnell.
4:40 of 1st period - Stopped by Josh Harding with a rebound.
5:40 of 1st period - Snap shot by Mike Richards.
5:40 of 1st period - Shot Misses the Net.
6:18 of 1st period - Samuel Morin is hit by Chris Kelly and loses puck.
6:40 of 1st period - Jiri Fischer is hit by Jonathan Toews and loses puck.
6:52 of 1st period - Icing by Samuel Morin.
6:53 of 1st period - Riley Armstrong wins face-off versus Zack Kassian in Bruins zone.
6:54 of 1st period - Snap shot by Carson Mcmillan.
6:54 of 1st period - Shot Misses the Net.
7:04 of 1st period - Snap shot by Jonathan Toews.
7:04 of 1st period - Shot Misses the Net.
7:06 of 1st period - Slapshot by Adam Pelech.
7:06 of 1st period - Shot Blocked by Jordin Tootoo.
7:08 of 1st period - Wrist shot by Zack Kassian.
7:08 of 1st period - Shot Blocked by Philip Samuelsson.
7:38 of 1st period - Snap shot by Wojtek Wolski.
7:38 of 1st period - Stopped by Josh Harding with a rebound.
7:57 of 1st period - Snap shot by Zack Kassian.
7:57 of 1st period - Goal by Zack Kassian - Bruins : 1 - Red Wings : 0.
7:58 of 1st period - Mike Richards wins face-off versus Mike Ribeiro in neutral zone.
9:37 of 1st period - Wrist shot by Mattias Tedenby.
9:37 of 1st period - Shot Blocked by Ryan O'Byrne.
9:39 of 1st period - Snap shot by Mattias Tedenby.
9:39 of 1st period - Shot Misses the Net.
9:41 of 1st period - Slapshot by Jason Demers.
9:41 of 1st period - Deflect By Ryan O'Byrne.
9:41 of 1st period - Stopped by Josh Harding with a rebound.
9:43 of 1st period - Wrist shot by Casey Cizikas.
9:43 of 1st period - Shot Misses the Net.
9:45 of 1st period - Slapshot by Casey Cizikas.
9:45 of 1st period - Stopped by Josh Harding with a rebound.
9:47 of 1st period - Slapshot by Shane O'Brien.
9:47 of 1st period - Shot Misses the Net.
9:49 of 1st period - Slapshot by Casey Cizikas.
9:49 of 1st period - Stopped by Josh Harding with a rebound.
9:51 of 1st period - Wrist shot by Shane O'Brien.
9:51 of 1st period - Shot Blocked by David Krejci.
9:58 of 1st period - Icing by David Krejci.
9:59 of 1st period - David Krejci wins face-off versus Mike Ribeiro in Red Wings zone.
10:04 of 1st period - Slapshot by Petr Pohl.
10:04 of 1st period - Shot Misses the Net.
10:06 of 1st period - Slapshot by Ryan O'Byrne.
10:06 of 1st period - Shot Blocked by Kevin Bieksa.
10:08 of 1st period - Wrist shot by Petr Pohl.
10:08 of 1st period - Shot Misses the Net.
10:23 of 1st period - Off-side.
10:24 of 1st period - Jonathan Toews wins face-off versus Mike Richards in neutral zone.
10:27 of 1st period - Slapshot by Zack Kassian.
10:27 of 1st period - Shot Misses the Net.
11:05 of 1st period - Wrist shot by Wojtek Wolski.
11:05 of 1st period - Stopped by Josh Harding with a rebound.
12:01 of 1st period - Snap shot by Zack Kassian.
12:01 of 1st period - Stopped by Josh Harding with a rebound.
12:09 of 1st period - Slapshot by Zack Kassian.
12:09 of 1st period - Stopped by Josh Harding without a rebound.
12:10 of 1st period - Mike Ribeiro wins face-off versus Mike Richards in Red Wings zone.
13:01 of 1st period - Kevin Bieksa is hit by Chris Kelly and loses puck.
13:06 of 1st period - Snap shot by David Krejci.
13:06 of 1st period - Stopped by Kevin Poulin without a rebound.
13:07 of 1st period - Mike Richards wins face-off versus Casey Cizikas in Bruins zone.
13:08 of 1st period - Wrist shot by Connor Brown.
13:08 of 1st period - Shot Blocked by Mattias Tedenby.
13:25 of 1st period - Ryan O'Byrne is hit by Jason Demers.
13:31 of 1st period - Jason Demers is hit by Mike Richards.
14:22 of 1st period - Jason Demers is hit by Ryan O'Byrne and loses puck.
14:34 of 1st period - Icing by Philip Samuelsson.
14:35 of 1st period - Mike Ribeiro wins face-off versus Mike Richards in Red Wings zone.
15:20 of 1st period - Wrist shot by Mike Richards.
15:20 of 1st period - Shot Blocked by Kevin Bieksa.
15:22 of 1st period - Snap shot by Mike Richards.
15:22 of 1st period - Stopped by Kevin Poulin without a rebound.
15:23 of 1st period - Nick Bjugstad wins face-off versus Wojtek Wolski in Bruins zone.
15:30 of 1st period - Slapshot by Nick Bjugstad.
15:30 of 1st period - Stopped by Kevin Poulin with a rebound.
15:38 of 1st period - Wrist shot by Tye McGinn.
15:38 of 1st period - Stopped by Kevin Poulin with a rebound.
15:56 of 1st period - Icing by Adam Pelech.
15:57 of 1st period - Nick Bjugstad wins face-off versus Dave Bolland in Bruins zone.
16:10 of 1st period - Slapshot by T.J Galiardi.
16:10 of 1st period - Stopped by Josh Harding without a rebound.
16:11 of 1st period - Nick Bjugstad wins face-off versus Mike Ribeiro in Red Wings zone.
16:26 of 1st period - Snap shot by Victor Oreskovich.
16:26 of 1st period - Shot Misses the Net.
16:36 of 1st period - Petr Pohl is hit by Jason Demers and loses puck.
16:45 of 1st period - Snap shot by Zack Kassian.
16:45 of 1st period - Stopped by Josh Harding with a rebound.
17:05 of 1st period - Wrist shot by Carson Mcmillan.
17:05 of 1st period - Stopped by Kevin Poulin with a rebound.
17:07 of 1st period - Slapshot by Petter Granberg.
17:07 of 1st period - Stopped by Kevin Poulin with a rebound.
17:21 of 1st period - Scott Hartnell is hit by Tye McGinn and loses puck.
17:32 of 1st period - Wrist shot by Victor Oreskovich.
17:32 of 1st period - Shot Blocked by Karl Alzner.
18:16 of 1st period - Petr Pohl is hit by Samuel Morin and loses puck.
19:02 of 1st period - Slapshot by Jason Demers.
19:02 of 1st period - Deflect By Mattias Tedenby.
19:02 of 1st period - Stopped by Josh Harding without a rebound.
19:03 of 1st period - Casey Cizikas wins face-off versus Tye McGinn in Red Wings zone.
19:34 of 1st period - Wrist shot by Petr Pohl.
19:34 of 1st period - Stopped by Kevin Poulin without a rebound.
19:35 of 1st period - Mike Richards wins face-off versus Jonathan Toews in Bruins zone.
19:50 of 1st period - Snap shot by Mike Richards.
19:50 of 1st period - Stopped by Kevin Poulin without a rebound.
19:51 of 1st period - Nick Bjugstad wins face-off versus Mike Ribeiro in Bruins zone.
19:52 of 1st period - Snap shot by Tye McGinn.
19:52 of 1st period - Stopped by Kevin Poulin without a rebound.
19:53 of 1st period - Mike Ribeiro wins face-off versus Nick Bjugstad in Bruins zone.
Goals for this period are 1 for Bruins vs 0 for Red Wings.
Shots for this period are 14 for Bruins vs 10 for Red Wings.
2nd period
0:01 of 2nd period - Mike Richards wins face-off versus Mike Ribeiro in neutral zone.
1:07 of 2nd period - Riley Armstrong is hit by Kris Chucko and loses puck.
1:17 of 2nd period - Off-side.
1:18 of 2nd period - Mike Richards wins face-off versus Victor Oreskovich in neutral zone.
2:54 of 2nd period - Connor Brown is hit by Shane O'Brien and loses puck.
3:27 of 2nd period - Backhand shot by Dave Bolland.
3:27 of 2nd period - Shot Blocked by Chris Kelly.
3:48 of 2nd period - Philip Samuelsson is hit by Scott Hartnell and loses puck.
4:09 of 2nd period - Michael Haley is hit by Casey Cizikas and loses puck.
4:28 of 2nd period - Minor Penalty to Riley Armstrong for Goalie Interference.
4:29 of 2nd period - Chris Kelly wins face-off versus Jonathan Toews in Red Wings zone.
4:29 of 2nd period - Chris Kelly is hit by Zack Kassian.
5:19 of 2nd period - Slapshot by Wojtek Wolski.
5:19 of 2nd period - Shot Misses the Net.
6:28 of 2nd period - Penalty to Riley Armstrong is over, Riley Armstrong is back on ice.
7:16 of 2nd period - Johnny Boychuk is hit by Carson Mcmillan and loses puck.
7:27 of 2nd period - Jiri Fischer is hit by Dave Bolland and loses puck.
8:31 of 2nd period - Dave Bolland is hit by Mike Richards and loses puck.
9:32 of 2nd period - Backhand shot by Connor Brown.
9:32 of 2nd period - Shot Blocked by Jason Demers.
10:10 of 2nd period - Snap shot by Connor Brown.
10:10 of 2nd period - Shot Misses the Net.
10:12 of 2nd period - Snap shot by Connor Brown.
10:12 of 2nd period - Deflect By Alex Picard.
10:12 of 2nd period - Stopped by Kevin Poulin without a rebound.
10:13 of 2nd period - Mike Richards wins face-off versus Mike Ribeiro in Bruins zone.
10:14 of 2nd period - Wrist shot by Alex Picard.
10:14 of 2nd period - Shot Blocked by Kevin Bieksa.
10:16 of 2nd period - Snap shot by Petter Granberg.
10:16 of 2nd period - Stopped by Kevin Poulin with a rebound.
10:22 of 2nd period - Wrist shot by Alex Picard.
10:22 of 2nd period - Stopped by Kevin Poulin with a rebound.
10:24 of 2nd period - Slapshot by Connor Brown.
10:24 of 2nd period - Stopped by Kevin Poulin with a rebound.
10:26 of 2nd period - Snap shot by Alex Picard.
10:26 of 2nd period - Stopped by Kevin Poulin with a rebound.
10:28 of 2nd period - Slapshot by Petter Granberg.
10:28 of 2nd period - Stopped by Kevin Poulin without a rebound.
10:29 of 2nd period - Nick Bjugstad wins face-off versus Jonathan Toews in Bruins zone.
10:44 of 2nd period - Slapshot by Jonathan Toews.
10:44 of 2nd period - Shot Blocked by Nick Bjugstad.
11:19 of 2nd period - Snap shot by Victor Oreskovich.
11:19 of 2nd period - Stopped by Josh Harding with a rebound.
11:21 of 2nd period - Snap shot by Scott Hartnell.
11:21 of 2nd period - Stopped by Josh Harding with a rebound.
12:41 of 2nd period - Andrew Alberts is hit by Shane O'Brien.
13:02 of 2nd period - Off-side.
13:03 of 2nd period - Nick Bjugstad wins face-off versus Mike Ribeiro in neutral zone.
13:16 of 2nd period - Snap shot by Mike Ribeiro.
13:16 of 2nd period - Shot Misses the Net.
13:18 of 2nd period - Wrist shot by Scott Hartnell.
13:18 of 2nd period - Shot Blocked by Jiri Fischer.
13:53 of 2nd period - Snap shot by Dave Bolland.
13:53 of 2nd period - Stopped by Josh Harding with a rebound.
13:55 of 2nd period - Wrist shot by Rene Bourque.
13:55 of 2nd period - Stopped by Josh Harding without a rebound.
13:56 of 2nd period - Dave Bolland wins face-off versus Mike Richards in Red Wings zone.
14:01 of 2nd period - Wrist shot by Alex Picard.
14:01 of 2nd period - Shot Misses the Net.
14:03 of 2nd period - Snap shot by Philip Samuelsson.
14:03 of 2nd period - Stopped by Kevin Poulin without a rebound.
14:04 of 2nd period - Mike Richards wins face-off versus Jonathan Toews in Bruins zone.
14:05 of 2nd period - Wrist shot by Connor Brown.
14:05 of 2nd period - Shot Blocked by Johnny Boychuk.
14:07 of 2nd period - Wrist shot by Connor Brown.
14:07 of 2nd period - Stopped by Kevin Poulin without a rebound.
14:08 of 2nd period - Jonathan Toews wins face-off versus Mike Richards in Bruins zone.
14:08 of 2nd period - Jonathan Toews is hit by Ryan O'Byrne.
14:20 of 2nd period - Slapshot by Mike Richards.
14:20 of 2nd period - Stopped by Kevin Poulin without a rebound.
14:21 of 2nd period - Mike Richards wins face-off versus Wojtek Wolski in Bruins zone.
14:22 of 2nd period - Snap shot by Alex Picard.
14:22 of 2nd period - Shot Blocked by Jason Demers.
14:54 of 2nd period - Jason Demers is hit by Karl Alzner and loses puck.
15:32 of 2nd period - Kris Chucko is hit by Riley Armstrong and loses puck.
16:14 of 2nd period - Wrist shot by Scott Hartnell.
16:14 of 2nd period - Stopped by Josh Harding without a rebound.
16:15 of 2nd period - Nick Bjugstad wins face-off versus Mike Ribeiro in Red Wings zone.
16:15 of 2nd period - Nick Bjugstad is hit by Scott Hartnell.
16:21 of 2nd period - Victor Oreskovich is hit by Nick Bjugstad and loses puck.
16:36 of 2nd period - Slapshot by Mike Ribeiro.
16:36 of 2nd period - Shot Blocked by Nick Bjugstad.
16:38 of 2nd period - Wrist shot by Victor Oreskovich.
16:38 of 2nd period - Stopped by Josh Harding with a rebound.
16:40 of 2nd period - Slapshot by Kevin Bieksa.
16:40 of 2nd period - Shot Misses the Net.
16:42 of 2nd period - Slapshot by Kevin Bieksa.
16:42 of 2nd period - Shot Misses the Net.
16:44 of 2nd period - Slapshot by Mike Ribeiro.
16:44 of 2nd period - Shot Blocked by Karl Alzner.
17:05 of 2nd period - Snap shot by Scott Hartnell.
17:05 of 2nd period - Deflect By Mike Ribeiro.
17:05 of 2nd period - Stopped by Josh Harding with a rebound.
17:07 of 2nd period - Snap shot by Victor Oreskovich.
17:07 of 2nd period - Deflect By Mike Ribeiro.
17:07 of 2nd period - Stopped by Josh Harding with a rebound.
17:09 of 2nd period - Snap shot by Victor Oreskovich.
17:09 of 2nd period - Shot Blocked by Karl Alzner.
17:11 of 2nd period - Slapshot by Mike Ribeiro.
17:11 of 2nd period - Stopped by Josh Harding without a rebound.
17:12 of 2nd period - Jonathan Toews wins face-off versus Mike Richards in Red Wings zone.
17:18 of 2nd period - Minor Penalty to Connor Brown for Hooking.
17:19 of 2nd period - Jonathan Toews wins face-off versus Chris Kelly in Red Wings zone.
17:19 of 2nd period - Wrist shot by Zack Kassian.
17:19 of 2nd period - Deflect By Wojtek Wolski.
17:19 of 2nd period - Shot Blocked by Andrew Alberts.
17:19 of 2nd period - Puck is out of play.
17:20 of 2nd period - Jonathan Toews wins face-off versus Chris Kelly in Red Wings zone.
17:25 of 2nd period - Snap shot by Zack Kassian.
17:25 of 2nd period - Stopped by Josh Harding without a rebound.
17:26 of 2nd period - Jonathan Toews wins face-off versus Chris Kelly in Red Wings zone.
18:31 of 2nd period - Snap shot by Zack Kassian.
18:31 of 2nd period - Stopped by Josh Harding with a rebound.
19:06 of 2nd period - Snap shot by Victor Oreskovich.
19:06 of 2nd period - Shot Misses the Net.
19:18 of 2nd period - Penalty to Connor Brown is over, Connor Brown is back on ice.
19:56 of 2nd period - Slapshot by Samuel Morin.
19:56 of 2nd period - Stopped by Josh Harding with a rebound.
Goals for this period are 0 for Bruins vs 0 for Red Wings.
Shots for this period are 12 for Bruins vs 9 for Red Wings.
3rd period
0:01 of 3rd period - Wojtek Wolski wins face-off versus Connor Brown in neutral zone.
0:01 of 3rd period - Wojtek Wolski is hit by Philip Samuelsson.
0:09 of 3rd period - Connor Brown is hit by Jason Demers and loses puck.
0:14 of 3rd period - Snap shot by Jonathan Toews.
0:14 of 3rd period - Shot Hit the Post.
0:16 of 3rd period - Wrist shot by Jason Demers.
0:16 of 3rd period - Stopped by Josh Harding with a rebound.
0:26 of 3rd period - Nick Bjugstad is hit by Victor Oreskovich and loses puck.
0:31 of 3rd period - Wrist shot by Victor Oreskovich.
0:31 of 3rd period - Shot Misses the Net.
0:53 of 3rd period - Chris Kelly is hit by Kevin Bieksa and loses puck.
1:33 of 3rd period - Slapshot by Connor Brown.
1:33 of 3rd period - Shot Misses the Net.
1:35 of 3rd period - Slapshot by Connor Brown.
1:35 of 3rd period - Shot Blocked by Casey Cizikas.
1:53 of 3rd period - Wrist shot by Nick Bjugstad.
1:53 of 3rd period - Shot Misses the Net.
1:55 of 3rd period - Snap shot by Jordin Tootoo.
1:55 of 3rd period - Shot Misses the Net.
1:57 of 3rd period - Wrist shot by Nick Bjugstad.
1:57 of 3rd period - Shot Misses the Net.
1:59 of 3rd period - Snap shot by Nick Bjugstad.
1:59 of 3rd period - Goal by Nick Bjugstad - Bruins : 1 - Red Wings : 1.
2:00 of 3rd period - Jonathan Toews wins face-off versus Mike Richards in neutral zone.
2:15 of 3rd period - Snap shot by Wojtek Wolski.
2:15 of 3rd period - Stopped by Josh Harding with a rebound.
2:17 of 3rd period - Wrist shot by Jonathan Toews.
2:17 of 3rd period - Shot Misses the Net.
2:27 of 3rd period - Victor Oreskovich is hit by Jordin Tootoo and loses puck.
2:38 of 3rd period - Jordin Tootoo is hit by Shane O'Brien and loses puck.
2:49 of 3rd period - Snap shot by Petr Pohl.
2:49 of 3rd period - Shot Blocked by Johnny Boychuk.
2:57 of 3rd period - Slapshot by Kevin Bieksa.
2:57 of 3rd period - Shot Blocked by Jiri Fischer.
2:59 of 3rd period - Slapshot by Johnny Boychuk.
2:59 of 3rd period - Stopped by Josh Harding with a rebound.
3:13 of 3rd period - Snap shot by Mattias Tedenby.
3:13 of 3rd period - Stopped by Josh Harding with a rebound.
3:15 of 3rd period - Slapshot by Adam Pelech.
3:15 of 3rd period - Deflect By Casey Cizikas.
3:15 of 3rd period - Stopped by Josh Harding with a rebound.
3:17 of 3rd period - Slapshot by Adam Pelech.
3:17 of 3rd period - Stopped by Josh Harding without a rebound.
3:18 of 3rd period - Mike Richards wins face-off versus Jonathan Toews in Red Wings zone.
4:32 of 3rd period - Carson Mcmillan is hit by Casey Cizikas and loses puck.
5:10 of 3rd period - Backhand shot by Victor Oreskovich.
5:10 of 3rd period - Shot Misses the Net.
5:26 of 3rd period - Minor Penalty to Jason Demers for Holding.
5:27 of 3rd period - Wojtek Wolski wins face-off versus Alex Picard in Bruins zone.
6:59 of 3rd period - Snap shot by Scott Hartnell.
6:59 of 3rd period - Stopped by Josh Harding without a rebound.
7:00 of 3rd period - Wojtek Wolski wins face-off versus Nick Bjugstad in Red Wings zone.
7:19 of 3rd period - Mike Richards is hit by Jonathan Toews and loses puck.
7:26 of 3rd period - Penalty to Jason Demers is over, Jason Demers is back on ice.
9:37 of 3rd period - Off-side.
9:38 of 3rd period - Mike Richards wins face-off versus Casey Cizikas in neutral zone.
9:41 of 3rd period - Kris Chucko is hit by Petter Granberg and loses puck.
9:55 of 3rd period - Adam Pelech is hit by Karl Alzner and loses puck.
10:08 of 3rd period - Andrew Alberts is hit by Adam Pelech and loses puck.
10:34 of 3rd period - Shane O'Brien is hit by Karl Alzner and loses puck.
10:46 of 3rd period - Icing by Dave Bolland.
10:47 of 3rd period - Dave Bolland wins face-off versus Michael Haley in Bruins zone.
10:53 of 3rd period - Minor Penalty to Shane O'Brien for Holding.
10:54 of 3rd period - Mike Richards wins face-off versus Wojtek Wolski in Bruins zone.
11:46 of 3rd period - Icing by Jiri Fischer.
11:47 of 3rd period - Wojtek Wolski wins face-off versus Mike Richards in Red Wings zone.
12:53 of 3rd period - Penalty to Shane O'Brien is over, Shane O'Brien is back on ice.
13:06 of 3rd period - David Krejci is hit by Dave Bolland and loses puck.
14:02 of 3rd period - Snap shot by Mattias Tedenby.
14:02 of 3rd period - Stopped by Josh Harding with a rebound.
14:34 of 3rd period - Carson Mcmillan is hit by Dave Bolland and loses puck.
14:53 of 3rd period - Wrist shot by Mike Richards.
14:53 of 3rd period - Shot Misses the Net.
15:11 of 3rd period - Icing by Kris Chucko.
15:12 of 3rd period - Mike Richards wins face-off versus Mattias Tedenby in Bruins zone.
15:28 of 3rd period - Slapshot by Alex Picard.
15:28 of 3rd period - Stopped by Kevin Poulin with a rebound.
15:37 of 3rd period - Off-side.
15:38 of 3rd period - David Krejci wins face-off versus Jonathan Toews in neutral zone.
16:31 of 3rd period - Icing by T.J Galiardi.
16:32 of 3rd period - Dave Bolland wins face-off versus Mike Richards in Bruins zone.
16:43 of 3rd period - Rene Bourque is hit by Connor Brown and loses puck.
17:18 of 3rd period - Snap shot by Jordin Tootoo.
17:18 of 3rd period - Goal by Jordin Tootoo - Bruins : 1 - Red Wings : 2.
17:19 of 3rd period - Mike Richards wins face-off versus Jonathan Toews in neutral zone.
17:23 of 3rd period - Ryan O'Byrne is hit by Wojtek Wolski and loses puck.
17:27 of 3rd period - Philip Samuelsson is hit by Johnny Boychuk and loses puck.
17:34 of 3rd period - Wrist shot by Alex Picard.
17:34 of 3rd period - Shot Misses the Net.
17:36 of 3rd period - Snap shot by Mike Richards.
17:36 of 3rd period - Shot Misses the Net.
17:56 of 3rd period - Ryan O'Byrne is hit by Johnny Boychuk and loses puck.
18:10 of 3rd period - Snap shot by Jordin Tootoo.
18:10 of 3rd period - Stopped by Kevin Poulin without a rebound.
18:11 of 3rd period - Dave Bolland wins face-off versus Nick Bjugstad in Bruins zone.
18:16 of 3rd period - Samuel Morin is hit by Jordin Tootoo.
18:38 of 3rd period - Slapshot by Dave Bolland.
18:38 of 3rd period - Stopped by Josh Harding with a rebound.
18:48 of 3rd period - Adam Pelech is hit by Jiri Fischer and loses puck.
19:38 of 3rd period - Bruins, Kevin Poulin is pulled from the net.
19:38 of 3rd period - Snap shot by Wojtek Wolski.
19:38 of 3rd period - Stopped by Josh Harding without a rebound.
19:39 of 3rd period - Doug Gilmour call a timeout for Bruins.
19:39 of 3rd period - Jonathan Toews wins face-off versus Michael Haley in Red Wings zone.
Goals for this period are 0 for Bruins vs 2 for Red Wings.
Shots for this period are 10 for Bruins vs 4 for Red Wings.
Back to the Top